 Dungeon Crawl Stone Soup version 0.27-a0-1228-gfd60fd639a (webtiles) character file.

Game seed: 9520453759685389730

171 Azzok the Chopper (level 5, 0/41 HPs)
             Began as a Demonspawn Berserker on June 7, 2021.
             Was a Priest of Trog.
             Slain by Ijyb
             ... wielding a +0 dagger
              (6 damage)
             ... on level 3 of the Dungeon on June 8, 2021.
             The game lasted 00:03:45 (2752 turns).

Azzok the Chopper (Demonspawn Berserker)            Turns: 2752, Time: 00:03:46

Health: 0/41       AC: 11    Str: 18    XL:     5   Next: 26%
Magic:  5/5        EV:  5    Int:  9    God:    Trog [***...]
Gold:   128        SH:  0    Dex: 12    Spells: 4/4 levels left

rFire    . . .     SeeInvis .   m - +0 war axe
rCold    . . .     Faith    .   (no shield)
rNeg     . . .     Spirit   .   n - +0 plate armour
rPois    .         Reflect  .   (no helmet)
rElec    .         Harm     .   (no cloak)
rCorr    .         Rampage  .   o - +0 pair of gloves
Will     .....                  (no boots)
Stlth    ..........             (no amulet)
HPRegen  0.13/turn              (no ring)
MPRegen  0.09/turn              (no ring)

@: on berserk cooldown, slowed, very slow
A: powered by pain 2
a: Renounce Religion, Berserk, Trog's Hand


You were on level 3 of the Dungeon.
You worshipped Trog.
Trog was most pleased with you.
You visited 1 branch of the dungeon, and saw 3 of its levels.

You collected 128 gold pieces.

Inventory:

Hand Weapons
 a - a +0 hand axe
 m - a +0 war axe (weapon)
 p - a +0 hand axe of freezing
Missiles
 e - 7 atropa-tipped darts
Armour
 n - a +0 plate armour (worn)
 o - a +0 pair of gloves (worn)
Wands
 j - a wand of digging (4)
Scrolls
 c - 2 scrolls of vulnerability {unknown}
 g - 2 scrolls of enchant armour {unknown}
 h - 3 scrolls of identify {unknown}
Potions
 b - a potion of magic {unknown}
 d - 2 potions of brilliance {unknown}
 f - a potion of curing {unknown}
 i - a potion of might {unknown}
 k - a potion of flight {unknown}
 l - a potion of heal wounds {unknown}


   Skills:
 - Level 3.0 Fighting
 + Level 5.5 Axes
 - Level 1.7 Armour
 - Level 1.7 Dodging


You had 4 spell levels left.
You didn't know any spells.
Your spell library was empty.

Dungeon Overview and Level Annotations

Branches:
Dungeon (3/15)

Altars:
Vehumet
Wu Jian

Shops:
D:3 =

Annotations:
D:3 Ijyb, Robin


Innate Abilities, Weirdness & Mutations

You sometimes gain power by taking damage.


Message History

Ijyb is lightly wounded.
Robin roars a battlecry!
Ijyb goes into a battle-frenzy!
You closely miss Ijyb.
Ijyb is lightly wounded.
Ijyb hits you but does no damage.
You barely miss Ijyb.
Ijyb is lightly wounded.
Ijyb hits you with a +0 dagger!
You hit Ijyb.
Ijyb is moderately wounded.
Ijyb closely misses you.
You slash Ijyb!
Ijyb is severely wounded.
You are no longer berserk.
You are exhausted.
You feel yourself slow down.
You completely miss Ijyb.
Ijyb is severely wounded.
Ijyb closely misses you. Ijyb hits you but does no damage.
You barely miss Ijyb.
Ijyb is severely wounded.
Ijyb hits you with a +0 dagger.
* * * LOW HITPOINT WARNING * * *
Ijyb hits you but does no damage.
You hit Ijyb but do no damage.
Ijyb is severely wounded.
You hit Robin.
Robin says, "Feeling lonely?"
Robin barely misses you.
Ijyb zaps a wand.
You resist with some effort. Robin hits you with a +0 club.
* * * LOW HITPOINT WARNING * * *
Ijyb hits you but does no damage.
You hit Ijyb.
Ijyb is almost dead.
You hit Robin. Robin throws Ijyb at you!
Ijyb zaps a wand.
You resist with some effort. Robin hits you with a +0 club.
* * * LOW HITPOINT WARNING * * *
Ijyb hits you with a +0 dagger.
You die...

╬··············
·········▒···▒▒·········
·········▒···▒▒·▒▒▒·▒▒·▒
·········▒···▒▒·▒ ▒·▒▒·▒
·········▒···▒▒·▒ ▒·▒▒·▒
·········▒)··▒▒·▒ ▒)▒··▒
·········▒···▒▒·▒ ▒····▒
······g))▒···▒▒·▒ ▒▒▒▒·▒
·······@········▒▒▒▒▒▒·▒
····(··g)···············
··▒▒▒▒▒▒▒▒▒▒▒▒··········
·········· ·········
········· ▒·····▒▒
········· ▒·······
········· ▒······▒
▒▒▒····▒▒


You could see Ijyb (strong) and Robin.

Vanquished Creatures
  2 orc priests (D:3)
  3 adders
  An ufetubus (D:3)
  2 dart slugs (D:1)
  4 orcs (D:3)
  2 bats
  4 endoplasms
  19 goblins
  6 hobgoblins
  3 quokkas
  5 ball pythons
  5 frilled lizards
  9 kobolds
  3 rats (D:2)
68 creatures vanquished.

Notes
Turn   | Place    | Note
-------+----------+-------------------------------------------
     0 | D:1      | Azzok the Demonspawn Berserker began the quest for the Orb.
     0 | D:1      | Reached XP level 1. HP: 18/18 MP: 1/1
   116 | D:1      | Reached skill level 3 in Axes
   348 | D:1      | Gained mutation: You sometimes gain a little power by
                  | taking damage. [demonic ancestry]
   348 | D:1      | Reached XP level 2. HP: 6/24 MP: 2/2
   570 | D:1      | Found a faded altar of an unknown god.
  1310 | D:2      | Gained mutation: You sometimes gain power by taking damage.
                  | [demonic ancestry]
  1310 | D:2      | Reached XP level 3. HP: 28/29 MP: 3/3
  1477 | D:2      | Reached ** piety under Trog
  1478 | D:2      | Reached skill level 4 in Axes
  2259 | D:2      | Reached XP level 4. HP: 35/35 MP: 4/4
  2374 | D:3      | Found Baulozas's Jewellery Shoppe.
  2435 | D:3      | Found a radiant altar of Vehumet.
  2603 | D:3      | Found an ornate altar of the Wu Jian Council.
  2668 | D:3      | Reached skill level 5 in Axes
  2732 | D:3      | Reached XP level 5. HP: 29/41 MP: 5/5
  2733 | D:3      | Noticed Ijyb
  2736 | D:3      | Reached *** piety under Trog
  2743 | D:3      | Noticed Robin
  2752 | D:3      | Slain by Ijyb

Illustrated notes

Levels and vault maps discovered:
D:1:      erik_arrival_orb_chamber, layout_basic, ebering_ecumenical_altar_hall
D:2:      layout_rooms
D:3:      layout_basic, nicolae_vehumet_radiance, amcnicky_altar_gilded,
          serial_shops, nicolae_shop_trees, uniq_robin, uniq_ijyb, uniq_natasha

Skill      XL: |  1  2  3  4 |
---------------+-------------+-----
Axes           | 3 4 5 |  5.5
Fighting       | |  3.0
Armour         | |  1.7
Dodging        | |  1.7

Action                   |  1- 3 |  4- 6 || total
-------------------------+-------+-------++-------
Melee: Hand axe          |   122 |       ||   122
       War axe           |       |    52 ||    52
Invok: Berserk           |     6 |     2 ||     8
Armor: Animal skin       |    10 |       ||    10
       Leather armour    |    13 |       ||    13
       Ring mail         |    14 |       ||    14
       Plate armour      |       |    37 ||    37
Dodge: Dodged            |    78 |    11 ||    89

Table legend: (Time is in decaauts)
 A = Elapsed time spent in this place.
 B = Non-inter-level travel time spent in this place.
 C = Inter-level travel time spent in this place.
 D = Time resting spent in this place.
 E = Time spent auto-exploring this place.
 F = Levels seen in this place.
 G = Mean time per level.
                   A        B        C        D        E       F      G
               +--------+--------+--------+--------+--------+-----+--------+
         Total |   2836 |   2792 |     44 |    335 |   1977 |   3 |  945.3 |
       Dungeon |   2836 |   2792 |     44 |    335 |   1977 |   3 |  945.3 |
               +--------+--------+--------+--------+--------+-----+--------+

Top non-repeatable levels by time:
     D:1: 1343 daAuts
     D:2: 1058 daAuts
     D:3: 434 daAuts
